Unix NetHack Version 5.0.0-0 post-release - last build May 31 2026 23:59:36 (970b52f25bf058293b47ddfd14a1e40e571c508c,branch:main).

Game began 2026-06-09 07:01:04, ended 2026-06-09 16:40:41.

Frompor, neutral female human Valkyrie

    ---
  ---.---
  |.....|
  |....--
  |....|
  |.|..|
 --.|---
 |.)--
 |...--  ---
 ---..----.--
   |-...@YY.|
   |...-:a./|                         -.---
   |......e)----                      ....----
   ---.........------------------------........
     |..-###....[..........................<..-
     ----  |...........[.....)..........|.-----
           --------------------------------
Frompor the Fighter         St:18 Dx:11 Co:18 In:8 Wi:10 Ch:9  Neutral S:4982
Dlvl:8  $:92 HP:0(57) Pw:22(22) AC:-4 Xp:7/1135 T:3381 

Latest messages:
 The owlbear just misses!
 The giant ant bites!
 The monkey hits the giant ant.
 The monkey misses the giant ant.
 The giant ant misses the monkey.
 The owlbear hits!
 The owlbear hits again!
 The giant ant bites!
 The monkey hits the giant ant.
 The monkey misses the giant ant.
 The giant ant bites the monkey.
 The combat suddenly awakens you.
 You miss the giant ant.
 The owlbear hits!
 The owlbear hits again!
 The owlbear grabs you!
 The giant ant misses!
 The monkey hits the giant ant.
 The monkey misses the giant ant.
 The giant ant misses the monkey.
 You hear a nearby zap.
 The sleep ray hits the floating eye.
 The sleep ray hits the giant ant.
 The sleep ray hits you!
 The owlbear hits!
 The owlbear hits again!
 You are being crushed.
 The monkey misses the giant ant.
 The monkey misses the giant ant.
 The owlbear hits!
 The owlbear hits again!
 You are being crushed.
 The monkey hits the giant ant.
 The monkey misses the giant ant.
 You dream that you hear a nearby zap.
 The owlbear hits!
 The owlbear just misses!
 You are being crushed.
 The monkey hits the giant ant.
 The monkey bites the giant ant.
 The owlbear misses!
 The owlbear misses!
 You are being crushed.
 The monkey misses the giant ant.
 The monkey misses the giant ant.
 The owlbear misses!
 The owlbear hits!
 You are being crushed.
 You die...
 Do you want your possessions identified? [ynq] (y) q

Inventory:
 Coins    ('$')
  $ - 92 gold pieces
 Weapons  (')')
  x - 3 blessed rustproof +3 daggers
  b - 7 +0 daggers
  r - a +0 elven dagger
  a - a +1 spear (weapon in right hand)
 Armor    ('[')
  B - an uncursed +0 dwarvish iron helm (being worn)
  C - an uncursed +0 pair of iron shoes (being worn)
  c - an uncursed +3 small shield (being worn)
  E - an uncursed +0 dwarvish mithril-coat (being worn)
 Comestibles  ('%')
  s - an uncursed cake
  d - 5 uncursed food rations
 Scrolls  ('?')
  k - an uncursed scroll of create monster
  u - an uncursed scroll of destroy armor
  i - a cursed scroll of food detection
  m - an uncursed scroll of identify
  o - an uncursed scroll of magic mapping
  p - an uncursed scroll of taming
 Potions  ('!')
  O - an uncursed potion of extra healing
  w - an uncursed potion of fruit juice
  U - a cursed potion of full healing
  n - an uncursed potion of gain energy
  q - an uncursed potion of object detection
  J - an uncursed potion of polymorph
  h - an uncursed potion of sickness
  g - an uncursed potion of sleeping
 Rings    ('=')
  I - an uncursed ring of free action
  z - a cursed ring of invisibility
  f - an uncursed ring of shock resistance
 Wands    ('/')
  F - a wand of digging (0:8)
  t - a wand of lightning (0:8)
  D - a wand of polymorph (0:6)
  e - a wand of striking (0:1)
 Tools    ('(')
  l - an uncursed credit card
  y - an uncursed leash
  j - an uncursed lock pick
  T - an uncursed mirror
  P - an uncursed oil lamp (lit)
  G - a +0 pick-axe
  R - an uncursed skeleton key
  S - an uncursed tin whistle
  Q - 6 uncursed wax candles
 Gems/Stones  ('*')
  A - 2 uncursed worthless pieces of orange glass
  v - an uncursed worthless piece of red glass
  K - an uncursed worthless piece of violet glass
  H - an uncursed worthless piece of white glass
  M - an uncursed worthless piece of yellow glass

Frompor the Valkyrie's attributes:

Background:
 You were a Fighter, a level 7 human Valkyrie.
 You were neutral, on a mission for Odin
 who was opposed by Tyr (lawful) and Loki (chaotic).
 You were right-handed.
 You were in the Gnomish Mines, on level 8.
 You entered the dungeon 3381 turns ago.
 You had 1135 experience points, 145 more were needed to attain level 8.
 Your score was 4982 before end-of-game adjustments.

Basics:
 You had 0 out of 57 hit points.
 You had all 22 energy points (spell power).
 Your armor class was -4.
 Your wallet contained 92 zorkmids.
 Autopickup was off.

Final Characteristics:
 Your strength was 18 (peak:18/02, limit:18/100).
 Your dexterity was 11 (limit:18).
 Your constitution was 18 (limit:18).
 Your intelligence was 8 (limit:18).
 Your wisdom was 10 (limit:18).
 Your charisma was 9 (limit:18).

Final Status:
 You were held by an owlbear (east).
 You weren't hungry.
 You were unencumbered.
 You were wielding a spear.
 You were skilled in spear.

Final Attributes:
 You were piously aligned.
 You were cold resistant.
 You were stealthy.
 You were guarded.
 You were fast.
 You are dead.

Miscellaneous:
 You didn't encounter any bones levels.
 Total elapsed playing time was 52 minutes and 42 seconds.

Major events:
 Turn
    1: Frompor the neutral human Valkyrie entered the dungeon
  797: attained the rank of Skirmisher (level 3)
 1178: entered the Gnomish Mines
 1588: reached Mine Town
 1863: attained the rank of Fighter (level 6)
 3381: killed by an owlbear, while sleeping

You didn't know any spells.

Skills:
 Fighting Skills
   bare handed combat [Unskilled]
   two weapon combat  [Unskilled]
   riding             [Unskilled]
 Weapon Skills
   dagger             [Basic]
   axe                [Unskilled]
   pick-axe           [Unskilled]
   short sword        [Unskilled]
   broadsword         [Unskilled]
   long sword         [Unskilled]
   two-handed sword   [Unskilled]
   saber              [Unskilled]
   hammer             [Unskilled]
   quarterstaff       [Unskilled]
   polearms           [Unskilled]
   spear              [Skilled]
   trident            [Unskilled]
   lance              [Unskilled]
   sling              [Unskilled]
 Spellcasting Skills
   attack spells      [Unskilled]
   escape spells      [Unskilled]

Voluntary challenges:
 Character rerolling was not enabled.
 You were illiterate.
 You never genocided any monsters.
 You never polymorphed an object.
 You never changed form.
 You used no wishes.
Achievements:
 You entered a shop.
 You attained the rank of Skirmisher.
 You entered the Gnomish Mines.
 You entered Minetown.
 You entered a temple.
 You attained the rank of Fighter.

 The Dungeons of Doom: levels 1 to 4
    Level 1:
       A fountain, a sink.
    Level 2:
       A general store.
    Level 3:
       Stairs down to The Gnomish Mines.
    Level 4:
 The Gnomish Mines: levels 4 to 8
    Level 4:
    Level 7:
       Some shops, a temple and an altar to Odin, some fountains, a sink.
    Level 8: <- You were here.
       Final resting place for
          you, killed by an owlbear, while sleeping.


Vanquished creatures:
  a small mimic
  a large cat
  a quivering blob
  a giant spider
 an orc mummy
 an owlbear
  a lizard
  a dust vortex
  2 Woodland-elves
  a bugbear
  a mountain nymph
  2 rock piercers
  a yellow light
  4 gnome leaders
  3 gnomish wizards
  a kobold mummy
  a ghoul
  2 giant ants
  2 kittens
  7 dwarves
  5 hill orcs
  a rothe
  a giant bat
  4 monkeys
 an orc zombie
  5 killer bees
  2 coyotes
  a gas spore
  2 hobbits
  a hobgoblin
  a brown mold
  a yellow mold
 19 gnomes
  2 garter snakes
  4 geckos
  2 jackals
  a fox
  3 goblins
  2 sewer rats
  a grid bug
  a bat
  2 lichens
  2 newts
99 creatures vanquished.

No species were genocided or became extinct.

Game over:
                       ----------
                      /          \
                     /    REST    \
                    /      IN      \
                   /     PEACE      \
                  /                  \
                  |     Frompor      |
                  |      92 Au       |
                  |   killed by an   |
                  |     owlbear      |
                  |                  |
                  |                  |
                  |       2026       |
                 *|     *  *  *      | *
        _________)/\\_//(\/(/\)/\//\/|_)_______

Farvel Frompor the Valkyrie...

You died in The Gnomish Mines on dungeon level 8 with 4973 points,
and 92 pieces of gold, after 3381 moves.
You were level 7 with a maximum of 57 hit points when you died.

